 Dungeon Crawl Stone Soup version 0.23.2-1-ga50397a (webtiles) character file.

Game seed: 13809611865056239259

34 troglodite the Sneak (level 3, 0/24 HPs)
             Began as an Octopode Assassin on May 14, 2019.
             Slain by a gnoll (8 damage)
             ... on level 2 of the Dungeon.
             The game lasted 00:03:03 (1238 turns).

troglodite the Sneak (Octopode Assassin)            Turns: 1238, Time: 00:03:03

Health: 0/24       AC:  1    Str: 10    XL:     3   Next: 31%
Magic:  3/3        EV: 13    Int: 13    God:
Gold:   7          SH:  0    Dex: 14    Spells: 2/2 levels left

rFire    . . .     SeeInvis .   a - +2 dagger
rCold    . . .     Gourm    .   (no shield)
rNeg     . . .     Faith    .   (helmet restricted)
rPois    .         Spirit   .   (no amulet)
rElec    .         Reflect  .   (no ring)
rCorr    .         Harm     .   (no ring)
MR       .....                  (no ring)
Stlth    ++++......             (no ring)
HPRegen  0.08/turn              (no ring)
MPRegen  0.08/turn              (no ring)
                                (no ring)
                                (no ring)

@: no status effects
A: almost no armour, stealthy swim, amphibious, 8 rings, constrict 8, camouflage
1, gelatinous body 1
a: no special abilities


You were on level 2 of the Dungeon.
You were not hungry.

You visited 1 branch of the dungeon, and saw 2 of its levels.

You collected 7 gold pieces.

Inventory:

Hand Weapons
 a - a +2 dagger (weapon)
 b - a +0 blowgun
Missiles
 c - 20 poisoned needles
 d - 2 curare-tipped needles
Scrolls
 g - a scroll of enchant weapon {unknown}
 k - a scroll of remove curse {unknown}
 l - a scroll of identify {unknown}
Potions
 e - a potion of ambrosia {unknown}
 i - a potion of agility {unknown}
 j - a potion of might {unknown}
Comestibles
 f - 3 rations
 h - a chunk of flesh


   Skills:
 * Level 2.2 Fighting
 * Level 2.0 Short Blades
 + Level 2.3 Throwing
 * Level 1.2 Dodging
 * Level 6.3 Stealth


You had 2 spell levels left.
You didn't know any spells.
Your spell library was empty.

Dungeon Overview and Level Annotations

Branches:
Dungeon (2/15)

Altars:


Innate Abilities, Weirdness & Mutations

You cannot wear most types of armour.
You are very stealthy in the water. (Stealth+)
You are amphibious.
You can wear up to eight rings at the same time.
You can use your tentacles to constrict eight enemies at once.
Your skin changes colour to match your surroundings (Stealth+).
Your rubbery body absorbs attacks. (AC +1, EV +1)


Message History

The gnoll shouts!
You hear a shout!
The gnoll throws a throwing net.
The throwing net hits you.
You become entangled in the net!
A gnoll comes into view. It is wielding a +0 halberd.
The gnoll moves out of view.
You see here a throwing net.
You struggle against the net.
A gnoll comes into view. It is wielding a +0 flail.
You tear a large gash into the net.
You struggle against the net.
The gnoll hits you.
You rip the net and break free!
The gnoll hits you.
Found a scratched wooden ring.
You hit the gnoll. You grab the gnoll.
The gnoll is moderately wounded.
You constrict the gnoll. The gnoll hits you.
* * * LOW HITPOINT WARNING * * *
You hit the gnoll.
The gnoll is heavily wounded.
You constrict the gnoll. The gnoll hits you!
You die...

#=#. ..♣ #.#.#.♣
###....♣♣♣♣♣ ♣####
#.......♣♣.♣♣ ♣...#
#........♣♣.♣♣♣.♣♣.#.#
#.......♣..♣...♣♣.....
#....>#.♣..♣♣♣♣♣♣....#
#.....##.♣..♣..♣..♣..#
#....@#..#......♣.####
#.....g...........#
#....########.###.####
#.... #.#.....#. #####
#.#.#.#.#. #.#.#.#.#.
#.#.#.#.#. #.#.#.#.#.
#.#.#.#.#<


You could see a gnoll.

Vanquished Creatures
  2 dart slugs (D:1)
  A leopard gecko (D:1)
  2 giant cockroaches (D:1)
  2 goblins (D:1)
  5 hobgoblins (D:1)
  2 jackals (D:1)
  4 kobolds (D:1)
  2 bats
  2 frilled lizards (D:1)
  6 rats
28 creatures vanquished.

Vanquished Creatures (others)
  A dart slug (D:2)
1 creature vanquished.

Grand Total: 29 creatures vanquished

Notes
Turn   | Place    | Note
-------+----------+-------------------------------------------
     0 | D:1      | troglodite the Octopode Assassin began the quest for the
                  | Orb.
     0 | D:1      | Reached XP level 1. HP: 14/14 MP: 1/1
    59 | D:1      | Reached XP level 2. HP: 8/19 MP: 2/2
   457 | D:1      | Reached skill level 6 in Stealth
   648 | D:1      | Reached XP level 3. HP: 24/24 MP: 3/3
  1238 | D:2      | Slain by a gnoll

Skill      XL: |  1  2 |
---------------+-------+-----
Stealth        | 6 |  6.3
Fighting       | |  2.2
Short Blades   | |  2.0
Throwing       | |  2.3
Dodging        | |  1.2

Action                   || total
-------------------------++-------
Melee: Dagger            ||    56
       Constrict         ||    15
       Tentacles         ||    11
 Stab: Sleeping          ||     7
  Eat: Chunk             ||     1
Armor: Skin              ||     3
Dodge: Dodged            ||    30
